Map: 2000 애트모스피어 - 래더

Players

Maru - Winner!

  • Race: Terran Terran

Scarlett

  • Race: Zerg Zerg

Event: IEM Katowice 2022

VOD

Have the link to the VOD?

Description

Time

  • Played on: Feb. 25, 2022, 2:59 p.m.
  • Length: 12:40

All games in this series

Show
View Real Time Build Order
Export as new Build Order

Maru Terran - Winner!

Build Orders: Mech 

Get SALT Encoding   

  12  0:00  SCV  
  13  0:12  SCV  
  14  0:16  Supply Depot  
  14  0:24  SCV  
  15  0:38  SCV  
  15  0:39  Barracks  
  16  0:43  Refinery  
  16  0:50  SCV  
  17  1:02  SCV  
  18  1:14  SCV  
  19  1:26  Marine, Orbital Command  
  20  1:38  Command Center  
  20  1:49  Factory  
  20  1:52  SCV  
  21  2:03  Barracks Reactor  
  21  2:05  SCV  
  22  2:09  Supply Depot  
  22  2:10  Refinery  
  22  2:17  SCV  
  23  2:30  SCV  
  23  2:36  Hellion  
  26  2:38  Starport  
  26  2:39  Marine x2  
  26  2:42  SCV  
  29  2:50  Orbital Command  
  29  2:54  SCV  
  29  2:57  Marine x2  
  32  3:02  Hellion  
  34  3:09  SCV  
  35  3:16  Medivac  
  35  3:17  SCV, Marine x2  
  40  3:22  Supply Depot  
  40  3:26  SCV  
  41  3:30  Fusion Core  
  41  3:33  SCV  
  42  3:38  SCV  
  43  3:46  Supply Depot  
  43  3:48  Marine  
  44  3:49  Starport Tech Lab  
  44  3:50  Hellion x2  
  44  3:52  SCV x2  
  50  4:04  SCV  
  50  4:05  SCV  
  52  4:10  Command Center  
  52  4:17  SCV, Supply Depot  
  53  4:23  SCV  
  54  4:30  Battlecruiser  
  60  4:32  SCV  
  61  4:40  SCV  
  61  4:42  Refinery  
  61  4:43  Refinery  
  61  4:44  SCV  
  63  4:46  Hellion x2  
  63  4:48  Supply Depot  
  63  4:52  SCV  
  68  4:56  SCV  
  67  5:04  SCV  
  62  5:08  SCV  
  62  5:12  Hellion x2  
  67  5:15  Factory x2  
  67  5:16  SCV  
  67  5:21  SCV  
  69  5:22  Orbital Command  
  69  5:28  SCV  
  69  5:30  Armory  
  69  5:31  Armory  
  69  5:34  Hellion  
  72  5:42  SCV  
  73  5:45  Hellion  
  73  5:46  SCV  
  73  5:48  Supply Depot, Orbital Command  
  76  5:54  SCV  
  76  5:55  Hellion  
  79  5:58  SCV  
  80  6:06  SCV  
  80  6:07  Factory Tech Lab x2  
  80  6:10  SCV  
  80  6:16  Battlecruiser, Hellion  
  80  6:18  SCV  
  89  6:19  SCV  
  89  6:22  SCV  
  89  6:24  Supply Depot  
  91  6:26  Terran Vehicle Weapons Level 1, Terran Vehicle And Ship Armor Level 1  
  91  6:30  SCV  
  91  6:31  SCV  
  93  6:34  SCV  
  94  6:40  Refinery, Supply Depot  
  94  6:42  SCV  
  94  6:43  SCV, Hellion x2  
  94  6:46  SCV  
  97  6:54  SCV, Hellion x2  
  97  6:55  SCV  
  97  6:58  SCV  
  98  7:04  Refinery  
  98  7:05  Hellion  
  98  7:06  SCV, Hellion  
  98  7:07  SCV  
  102  7:10  SCV  
  102  7:13  Weapon Refit  
  102  7:15  Siege Tank x2  
  109  7:18  SCV  
  109  7:20  SCV  
  111  7:22  Engineering Bay  
  111  7:23  SCV, Supply Depot  
  112  7:35  Hellion  
  114  7:40  SCV x2  
  116  7:45  Battlecruiser  
  116  7:46  Supply Depot  
  116  7:47  Siege Tank  
  125  7:55  Command Center  
  123  8:01  Missile Turret x2  
  123  8:05  Factory  
  124  8:07  Factory  
  120  8:14  Hellion x2  
  120  8:18  SCV  
  122  8:21  Mag-Field Accelerator, Infernal Pre-Igniter  
  122  8:22  Cyclone x2  
  122  8:23  Terran Vehicle Weapons Level 2  
  122  8:29  Terran Vehicle And Ship Armor Level 2  
  122  8:35  Hellion  
  122  8:36  Hellion  
  122  8:40  Command Center  
  126  8:50  Factory Tech Lab, Factory Reactor  
  126  8:52  Supply Depot  
  126  8:54  Cyclone x2  
  132  8:59  Hellion  
  132  9:02  Hellion  
  132  9:08  Supply Depot x2  
  126  9:11  SCV x2  
  126  9:12  SCV  
  129  9:18  Missile Turret  
  129  9:19  Factory x2  
  129  9:20  Cyclone  
  129  9:21  Hellion  
  129  9:23  SCV x2  
  129  9:24  Hellion  
  138  9:26  Cyclone x2  
  138  9:30  Supply Depot, Missile Turret  
  144  9:31  Missile Turret  
  144  9:35  Planetary Fortress  
  144  9:36  SCV x2  
  146  9:39  Refinery x2  
  146  9:40  SCV  
  146  9:42  Hellion  
  145  9:59  Thor x2, Command Center  
  154  10:06  Factory Tech Lab  
  150  10:07  Factory Tech Lab  
  150  10:12  Thor  
  157  10:14  Hellion x3  
  157  10:15  Hellion  
  161  10:23  SCV, Supply Depot  
  162  10:35  SCV  
  162  10:38  Thor  
  162  10:42  Thor  
  175  10:46  Planetary Fortress, Smart Servos  
  175  10:55  Thor  
  181  11:04  Thor  
  181  11:05  Hellbat x4  
  181  11:09  Refinery, Missile Turret  
  181  11:10  Missile Turret  
  195  11:12  Refinery  
  195  11:21  Siege Tank  
  195  11:22  Widow Mine  
  200  11:35  Orbital Command  
  200  11:39  Command Center, Hellion  
  194  11:45  Hellion, Siege Tank x2  
  193  11:57  Cyclone  
  193  11:58  Cyclone  
  175  12:03  Hellion x2  
  175  12:04  Hellion  
  175  12:07  Hellion  
Show
View Real Time Build Order
Export as new Build Order

Scarlett Zerg 

Build Orders: Hatch First 

Get SALT Encoding   

  12  0:00  Drone  
  13  0:12  Overlord  
  13  0:17  Drone  
  14  0:30  Drone x2  
  16  0:46  Hatchery  
  15  0:51  Drone  
  15  0:53  Drone  
  17  0:57  Drone  
  18  1:07  Extractor  
  17  1:13  Spawning Pool  
  17  1:15  Drone  
  17  1:18  Drone  
  18  1:27  Drone  
  19  1:39  Drone  
  20  1:49  Drone  
  21  1:59  Queen x2  
  21  2:00  Zergling x2  
  26  2:03  Drone  
  27  2:10  Drone  
  28  2:21  Hatchery  
  28  2:22  Drone  
  28  2:24  Overlord  
  28  2:28  Overlord  
  28  2:36  Metabolic Boost  
  28  2:41  Queen  
  28  2:42  Drone  
  28  2:43  Drone  
  32  2:46  Drone  
  32  2:48  Drone  
  34  2:54  Drone x2  
  36  3:00  Queen  
  36  3:04  Overlord  
  38  3:07  Drone  
  38  3:08  Drone  
  40  3:14  Drone x2  
  40  3:16  Drone  
  42  3:22  Queen  
  44  3:27  Drone  
  44  3:28  Zergling x4  
  44  3:32  Queen  
  49  3:39  Zergling x2  
  49  3:40  Zergling x6  
  49  3:41  Overlord  
  53  3:43  Drone  
  53  3:46  Drone x2  
  56  3:53  Overlord  
  56  3:54  Drone  
  56  3:55  Drone  
  58  3:59  Queen  
  58  4:01  Drone x2  
  62  4:04  Drone x2  
  62  4:07  Zergling x2  
  65  4:14  Zergling x4  
  67  4:17  Drone x4  
  71  4:31  Overlord  
  71  4:33  Drone x3  
  71  4:37  Overlord  
  74  4:40  Overlord  
  74  4:46  Overlord  
  74  4:48  Extractor, Lair  
  74  4:49  Extractor, Spore Crawler x2, Roach Warren  
  74  4:50  Zergling x6, Spore Crawler  
  71  4:56  Drone x6  
  60  5:05  Drone x2  
  61  5:09  Drone x5  
  66  5:15  Drone  
  66  5:17  Drone x4  
  71  5:23  Drone x3  
  71  5:28  Drone x2  
  76  5:49  Zergling x10  
  80  5:50  Zergling x4  
  80  5:51  Drone x6  
  80  5:56  Extractor, Drone  
  86  5:57  Spire  
  86  5:59  Glial Reconstitution  
  86  6:01  Drone  
  86  6:02  Drone  
  82  6:07  Drone x2  
  81  6:12  Drone  
  81  6:15  Evolution Chamber  
  81  6:17  Drone x2  
  82  6:22  Extractor x2  
  82  6:24  Zergling x8  
  84  6:28  Drone x4  
  84  6:32  Hatchery  
  87  6:33  Drone  
  87  6:34  Drone  
  89  6:42  Zerg Missile Weapons Level 1, Roach  
  89  6:47  Drone x2  
  89  6:54  Drone x5  
  89  6:59  Drone x3  
  96  7:01  Infestation Pit  
  96  7:04  Roach  
  96  7:05  Overlord x4  
  97  7:11  Overseer, Zerg Flyer Weapons Level 1  
  94  7:30  Roach x6  
  94  7:33  Corruptor x6  
  115  7:38  Drone  
  115  7:39  Drone x3  
  115  7:40  Hive  
  115  7:43  Ravager  
  117  7:49  Drone  
  118  7:58  Hatchery  
  118  8:00  Hatchery  
  116  8:08  Corruptor x2  
  118  8:13  Drone x2  
  118  8:14  Drone x3  
  118  8:16  Overlord x4  
  120  8:21  Zergling x2  
  120  8:23  Overlord  
  121  8:32  Overlord x2  
  121  8:35  Extractor  
  121  8:36  Extractor  
  121  8:39  Roach x7  
  133  8:43  Drone x6  
  133  8:45  Zerg Missile Weapons Level 2  
  139  8:53  Corruptor x2  
  143  8:58  Evolution Chamber  
  143  9:01  Drone  
  143  9:02  Drone x7  
  148  9:08  Greater Spire  
  148  9:09  Drone  
  152  9:10  Drone x2  
  152  9:17  Overseer, Overlord  
  152  9:18  Overlord  
  152  9:20  Queen  
  152  9:21  Drone x3  
  152  9:22  Spore Crawler  
  162  9:36  Pathogen Glands  
  162  9:37  Burrow  
  164  9:40  Drone x2  
  164  9:41  Baneling Nest  
  164  9:42  Evolution Chamber  
  164  9:47  Roach x6  
  164  9:52  Zergling x10  
  173  9:57  Roach  
  167  10:03  Drone x4  
  167  10:05  Spore Crawler  
  167  10:06  Zergling x2, Roach  
  171  10:08  Spine Crawler  
  171  10:12  Zerg Melee Weapons Level 1  
  171  10:13  Infestor x4  
  178  10:18  Extractor, Roach x3  
  179  10:21  Extractor  
  178  10:29  Roach x4  
  185  10:38  Hatchery  
  179  10:45  Drone x3  
  179  10:47  Spine Crawler x2  
  179  10:49  Spine Crawler  
  180  10:50  Zergling x14  
  186  10:59  Drone x3  
  186  11:00  Spine Crawler  
  187  11:07  Ravager x2  
  187  11:09  Ravager x7  
  187  11:10  Baneling x17  
  196  11:23  Zergling x8  
  198  11:40  Zergling x2  
  184  11:49  Zergling x8  
  184  11:50  Zergling x14  
  184  11:55  Infestor x4  
  184  11:56  Zergling x2  
  155  12:03  Roach x7  
  155  12:08  Baneling x6  
  166  12:14  Roach x4  
  151  12:34  Hatchery  
  151  12:36  Extractor  
  137  12:38  Extractor  

Tags
 
Add a new tag
Caveats
  • Supply blocks, unpowered buildings, or Contaminate may cause inaccurate times.
  • Supply counts are checked every 10 seconds.